 Dungeon Crawl Stone Soup version 0.30.0-17-ge0270778cf (webtiles) character file.

Game seed: 12205775519699708605

2 IndexError the Magician (level 1, -1/15 HPs)
             Began as a Djinni Ice Elementalist on May 22, 2023.
             Slain by a jackal (3 damage)
             ... on level 1 of the Dungeon.
             The game lasted 00:00:12 (25 turns).

IndexError the Magician (Djinni Ice Elementalist)     Turns: 25, Time: 00:00:12

Health: -1/15      AC:  2    Str:  7    XL:     1   Next: 44%
Gold:   0          EV: 12    Int: 16    God:
                   SH:  0    Dex: 13

rFire   + + .        (no weapon)
rCold   x . .        (no shield)
rNeg    . . .        a - +0 robe
rPois   ∞            (no helmet)
rElec   .            (no cloak)
rCorr   .            (no gloves)
SInv    .            (boots unavailable)
Will    .....        (no amulet)
Stlth   ++           (no ring)
HPRegen 0.22/turn    (no ring)
MPRegen 0.00/turn

%: infuse magic (-2 HP)
@: flying
A: sickness immunity, fire resistance 2, cold vulnerability 1, float, innate
caster, HP casting, extra vitality 1
a: no special abilities


You were on level 1 of the Dungeon.
You visited 1 branch of the dungeon, and saw 1 of its levels.

Inventory:

Armour
 a - a +0 robe (worn)
Potions
 b - a potion of degeneration {unknown}


   Skills:
 - Level 2.1 Dodging
 - Level 1.5 Stealth
 + Level 3.3 Spellcasting


You knew the following spells:

 Your Spells              Type           Power      Damage    Failure   Level
a - Freeze                Ice            52%        1d6       4%          1
b - Frozen Ramparts       Ice            26%        1d4       14%         3
c - Summon Ice Beast      Ice/Summ       13%        N/A       41%         4
A - Ozocubu's Armour      Ice            13%        N/A       14%         3
Your spell library was empty.

Dungeon Overview and Level Annotations

Branches:
Dungeon (1/15)

Altars:


Innate Abilities, Weirdness & Mutations

You are immune to sickness and miasma.
You are immune to poison.
Your flesh is very heat resistant. (rF++)
You are vulnerable to cold. (rC-)
You float through the air rather than walking.
You learn spells naturally, not from books.
Your magical power is your life essence.
You have superior vitality. (+4 MHP)


Message History

Welcome, IndexError the Djinni Ice Elementalist.
The Orb of Zot is coveted for many reasons.
Will you seize it for your own?
Press ? for a list of commands and other information.
Found four items.
Found a staircase leading out of the dungeon.
You begin with the following spells memorised: Freeze, Frozen Ramparts, Ozocubu's Armour, Summon Ice Beast.
There are no items here.
b - a sedimented sapphire potion A kobold and a jackal come into view.
The jackal barks!
You hear a bark!
The jackal moves out of view.
A jackal comes into view.
You see here a scroll labelled ILAUCU UTUZXEI.
There are monsters nearby!
There are monsters nearby!
The kobold shouts!
You hear a shout!
A ball python comes into view.
The ball python hisses angrily.
A quokka comes into view.
The kobold misses you.
A hobgoblin comes into view.
You freeze the kobold.
The hobgoblin shouts!
The jackal pauses to sniff the ground.
The kobold closely misses you.
You take 1 damage, and have 14/15 hp.
You freeze the kobold. The ball python bites you. The ball python grabs you.
The ball python constricts you.
You take 1 damage, and have 13/15 hp.
You freeze the ball python.
A jackal comes into view.
You take 1 damage, and have 12/15 hp.
You freeze the quokka. The quokka barely misses you.
The quokka bites you but does no damage.
You take 1 damage, and have 11/15 hp.
You freeze the quokka! The jackal bites you.
A rat comes into view.
You take 2 damage, and have 9/15 hp.
You are too injured to fight recklessly!
You are too injured to fight recklessly!
You are too injured to fight recklessly!
Found a stone staircase leading down.
The hobgoblin hits you.
You see here a ball python corpse.
You take 1 damage, and have 8/15 hp.
You barely miss the hobgoblin.
The jackal bites you but does no damage.
The jackal barely misses you. The jackal bites you.
The hobgoblin closely misses you.
You take 2 damage, and have 6/15 hp.
The jackal attacks as you move away! The jackal bites you.
* * * LOW HITPOINT WARNING * * *
The hobgoblin barely misses you.
You take 2 damage, and have 4/15 hp.
The jackal attacks as you move away! The jackal bites you.
* * * LOW HITPOINT WARNING * * *
The jackal bites you but does no damage.
The hobgoblin hits you but does no damage.
You take 3 damage, and have 1/15 hp.
The hobgoblin attacks as you move away! The hobgoblin closely misses you.
A rat comes into view.
The rat moves out of view.
The jackal attacks as you move away! The jackal completely misses you.
A kobold comes into view. It is wielding a +0 short sword.
You barely miss the jackal.
The kobold shouts!
The jackal barely misses you. x2
You hit the jackal but do no damage. The jackal barely misses you.
You hit the jackal but do no damage. Your punch misses the jackal.
The jackal closely misses you.
The kobold throws a stone.
The stone hits you but does no damage. The jackal bites you.
You die...

#......# .... ...
r...... ...##.# .....K
####.....#######....
####.....#######...
...#.....#...###..
.8.#....r#.8.#...#
...#.....#...###@#
####....?#######h######
............h).hgh....#
.............†........#
......<...............#
....................>.#
..!...................#
####.....#####........#
...#.....#..(#........#


You could see 3 jackals, a hobgoblin, a kobold and a rat.

Vanquished Creatures
  A quokka (D:1)
  A ball python (D:1)
  A kobold (D:1)
3 creatures vanquished.

Notes
Turn   | Place    | Note
-------+----------+-------------------------------------------
     0 | D:1      | IndexError the Djinni Ice Elementalist began the quest for
                  | the Orb.
     0 | D:1      | IndexError set off with the following spells memorised:
                  | Freeze, Frozen Ramparts, Ozocubu's Armour, Summon Ice
                  | Beast.
     0 | D:1      | Reached XP level 1. HP: 15/15 MP: 0/0
    20 | D:1      | HP: 1/15 [jackal (3)]
    25 | D:1      | Slain by a jackal

Illustrated notes

Levels and vault maps discovered:
D:1:      minmay_arrival_glassed_features, layout_rooms, grunt_decor_one_mirror,
          hex_medium

Action                     || total
---------------------------++-------
  Melee: Unarmed           ||     4
   Cast: Freeze            ||     5
 Armour: Robe              ||     5
  Dodge: Dodged            ||    12

Levels and vault maps discovered:
D:1:      minmay_arrival_glassed_features, layout_rooms, grunt_decor_one_mirror,
          hex_medium

Table legend: (Time is in decaauts)
 A = Elapsed time spent in this place.
 B = Non-inter-level travel time spent in this place.
 C = Inter-level travel time spent in this place.
 D = Time resting spent in this place.
 E = Time spent auto-exploring this place.
 F = Levels seen in this place.
 G = Mean time per level.
                   A        B        C        D        E       F      G
               +--------+--------+--------+--------+--------+-----+--------+
         Total |     25 |     25 |      0 |      0 |      2 |   1 |   25.0 |
       Dungeon |     25 |     25 |      0 |      0 |      2 |   1 |   25.0 |
               +--------+--------+--------+--------+--------+-----+--------+

Top non-repeatable levels by time:
     D:1: 25 daAuts

Table legend:
 A = Kills in this place as a percentage of kills in the entire game.
 B = Kills by you in this place as a percentage of kills by you in the entire game.
 C = Kills by friends in this place as a percentage of kills by friends in the entire game.
 D = Other kills in this place as a percentage of other kills in the entire game.
 E = Experience gained in this place as a percentage of experience gained in the entire game.
 F = Experience gained in this place divided by the number of levels of this place that you have seen.
                   A       B       C       D       E      F
               +-------+-------+-------+-------+-------+----------------------
         Total | 100.0 | 100.0 |   N/A |   N/A | 100.0 |   4.0
       Dungeon | 100.0 | 100.0 |   N/A |   N/A | 100.0 |   4.0
               +-------+-------+-------+-------+-------+----------------------
